Map: Orbital Shipyard

Players

김저그 - Winner!

  • Race: Zerg Zerg
  • League: Diamond

ILLBdA

  • Race: Terran Terran
  • League: Diamond

VOD

Have the link to the VOD?

Description

Time

  • Played on: Dec. 19, 2015, 11:07 a.m.
  • Length: 16:15
Show
View Real Time Build Order
Export as new Build Order

김저그 Zerg - Winner!

Build Orders: Hatch First 

Get SALT Encoding   

  12  0:02  Drone  
  13  0:12  Overlord  
  13  0:17  Drone  
  14  0:30  Drone  
  14  0:31  Drone  
  14  0:35  Drone  
  17  0:54  Hatchery  
  17  0:56  Drone  
  17  1:02  Extractor  
  16  1:13  Spawning Pool  
  16  1:16  Drone  
  16  1:19  Drone  
  16  1:22  Drone  
  18  1:34  Drone  
  18  1:38  Overlord  
  19  1:55  Drone  
  19  1:59  Queen  
  22  2:05  Metabolic Boost  
  22  2:07  Zergling x4  
  24  2:18  Queen  
  24  2:20  Drone  
  27  2:23  Zergling x2  
  28  2:30  Drone x2  
  28  2:35  Overlord  
  30  2:41  Drone  
  31  2:47  Queen  
  31  2:50  Drone  
  34  3:00  Drone x2  
  34  3:03  Extractor  
  35  3:08  Drone x4  
  35  3:09  Drone  
  40  3:18  Drone  
  41  3:32  Overlord  
  41  3:39  Hatchery, Drone x2  
  42  3:46  Lair  
  42  3:47  Drone x2  
  44  3:50  Overlord  
  44  3:54  Extractor  
  43  4:13  Roach Warren  
  43  4:15  Drone x3  
  43  4:16  Drone x2  
  47  4:30  Zergling x2  
  47  4:31  Zergling x8  
  50  4:32  Zergling x2  
  50  4:38  Drone x2  
  55  4:41  Spore Crawler  
  55  4:42  Spine Crawler  
  55  4:43  Extractor  
  52  4:51  Spore Crawler  
  51  4:52  Glial Reconstitution  
  51  4:54  Overseer  
  51  5:05  Zergling x2  
  51  5:12  Drone  
  52  5:15  Roach x2  
  52  5:16  Overlord x3, Roach x4  
  52  5:17  Overlord  
  64  5:21  Evolution Chamber  
  63  5:36  Roach  
  63  5:37  Roach x5  
  75  5:49  Zerg Missile Weapons Level 1  
  74  5:59  Spire  
  73  6:05  Ravager x4  
  73  6:06  Ravager x2  
  79  6:20  Drone x3  
  79  6:21  Drone x6, Overlord  
  90  6:32  Ravager  
  90  6:33  Ravager  
  90  6:34  Ravager  
  91  6:48  Extractor  
  91  6:49  Drone x4  
  91  6:50  Extractor  
  93  7:00  Drone x5  
  98  7:02  Evolution Chamber, Drone x2  
  98  7:03  Drone  
  100  7:11  Infestation Pit  
  100  7:12  Drone x2  
  100  7:13  Drone x2  
  100  7:14  Overlord x3, Roach  
  105  7:28  Overseer  
  105  7:32  Zerg Ground Armor Level 1  
  105  7:36  Pneumatized Carapace, Roach  
  105  7:37  Roach x6  
  119  7:55  Spore Crawler x2  
  119  7:56  Spore Crawler  
  119  7:58  Spore Crawler  
  115  8:01  Ravager x4  
  115  8:02  Ravager  
  116  8:31  Roach x2  
  116  8:32  Roach x5  
  111  8:49  Roach x5  
  111  8:51  Overlord x2  
  111  8:52  Overlord x2  
  121  9:03  Overlord x2  
  121  9:04  Overlord x3  
  121  9:25  Drone x3  
  121  9:28  Zerg Missile Weapons Level 2  
  121  9:29  Zerg Ground Armor Level 2  
  124  9:37  Hatchery  
  123  9:49  Drone  
  123  9:50  Drone  
  123  9:52  Hive  
  125  9:56  Overlord  
  125  10:07  Evolution Chamber  
  125  10:10  Ravager x3  
  125  10:11  Ravager x5  
  134  10:14  Roach x3  
  134  10:15  Roach x6, Zergling x2  
  134  10:16  Zergling x2  
  152  10:34  Zerg Melee Weapons Level 1  
  152  10:40  Queen  
  154  11:02  Hatchery  
  153  11:09  Ultralisk Cavern, Zergling x12  
  153  11:10  Zergling x12  
  164  11:16  Zergling x8  
  164  11:17  Zergling x4  
  166  11:46  Queen  
  168  11:48  Drone x3  
  168  11:54  Overlord x2  
  171  11:55  Chitinous Plating  
  171  11:57  Zerg Ground Armor Level 3  
  171  11:58  Zerg Missile Weapons Level 3  
  168  12:33  Roach  
  168  12:34  Roach x4  
  178  12:38  Zerg Melee Weapons Level 2  
  178  12:41  Drone x2  
  180  13:01  Ravager x3  
  180  13:02  Ravager  
  180  13:05  Ultralisk x2  
  196  13:10  Extractor x2  
  194  13:17  Spore Crawler  
  194  13:18  Spore Crawler  
  192  13:20  Spore Crawler  
  191  13:37  Ultralisk  
  179  13:58  Hatchery  
  167  14:29  Roach x2  
  167  14:30  Roach x2  
  169  14:31  Corruptor  
  169  14:32  Corruptor x6  
  169  14:33  Corruptor x3  
  169  14:36  Greater Spire  
  147  15:03  Ravager x3  
  147  15:04  Ravager x2  
  147  15:06  Roach  
  147  15:07  Roach x6  
  154  15:08  Ravager x2, Roach x2  
  128  15:45  Roach x6, Zergling x2  
  128  15:46  Roach x5, Zergling x4  
  128  15:47  Roach x2  
Show
View Real Time Build Order
Export as new Build Order

ILLBdA Terran 

Build Orders: Command Center First (CC) 

Get SALT Encoding   

  12  0:01  SCV  
  13  0:13  SCV  
  14  0:24  Supply Depot  
  14  0:25  SCV  
  15  0:45  SCV  
  16  0:57  SCV  
  17  1:04  Command Center  
  17  1:14  SCV, Barracks  
  18  1:26  SCV  
  18  1:31  Supply Depot  
  19  1:38  SCV  
  20  1:42  Barracks  
  20  1:50  SCV  
  21  1:55  Refinery  
  21  2:01  Refinery  
  21  2:02  SCV  
  21  2:05  Marine  
  23  2:14  Orbital Command  
  23  2:23  Marine  
  23  2:26  Orbital Command  
  24  2:30  Marine  
  25  2:40  SCV  
  25  2:41  Marine  
  27  2:48  Marine  
  27  2:49  Factory  
  28  2:53  SCV  
  28  2:57  SCV  
  30  2:59  Marine  
  31  3:05  SCV  
  31  3:06  Marine  
  31  3:10  SCV  
  34  3:18  SCV  
  35  3:22  Marine  
  35  3:23  SCV, Marine  
  38  3:30  SCV  
  39  3:35  SCV  
  39  3:36  Factory Reactor  
  39  3:37  Starport  
  39  3:39  Starport  
  40  3:42  SCV  
  40  3:46  Refinery x2  
  40  3:47  SCV  
  42  3:49  Marine  
  42  3:50  Marine  
  42  3:54  SCV  
  45  3:59  SCV  
  46  4:07  Supply Depot  
  46  4:15  Starport Reactor  
  46  4:16  Starport Reactor  
  46  4:22  Supply Depot  
  46  4:28  SCV x2  
  48  4:33  Hellion x2  
  48  4:35  Liberator  
  48  4:36  Liberator  
  52  4:40  SCV x2  
  52  4:42  Supply Depot  
  52  4:45  Supply Depot  
  54  4:47  Liberator  
  54  4:49  Liberator  
  54  4:53  SCV x2  
  62  5:05  Command Center, SCV  
  69  5:09  Supply Depot  
  69  5:13  Engineering Bay  
  69  5:16  SCV  
  69  5:18  Liberator  
  69  5:20  Supply Depot  
  70  5:31  SCV  
  70  5:33  Liberator  
  67  5:37  Hellion x2  
  74  5:48  SCV  
  75  5:50  Liberator  
  75  5:52  Marine x2  
  75  5:53  Viking  
  82  5:58  Supply Depot, Hellion x2  
  82  5:59  Supply Depot  
  86  6:07  Liberator  
  89  6:19  Hellion  
  89  6:23  Hellion  
  96  6:29  Missile Turret  
  96  6:30  Missile Turret  
  96  6:32  Missile Turret  
  96  6:35  Orbital Command  
  96  6:37  SCV  
  97  6:41  SCV, Hellion  
  102  6:47  Hellion, Liberator x2  
  102  6:53  SCV  
  103  6:58  Supply Depot x2  
  103  7:02  Hellion  
  103  7:04  Refinery  
  103  7:05  Refinery  
  103  7:07  Liberator  
  113  7:08  Hellion  
  113  7:12  SCV  
  113  7:14  SCV x2  
  116  7:24  SCV, Hellion  
  124  7:30  Hellion  
  124  7:32  Armory  
  124  7:40  SCV  
  125  7:46  Command Center  
  125  7:49  Liberator x3  
  125  7:50  Hellion  
  129  7:51  Hellion  
  129  7:52  SCV  
  129  7:55  Supply Depot  
  130  8:00  Liberator  
  131  8:32  Liberator x3  
  117  8:43  Liberator  
  108  8:59  Orbital Command  
  108  9:01  SCV x2  
  110  9:05  Hellbat x2  
  114  9:15  Liberator x3  
  114  9:21  SCV  
  115  9:26  Hellbat  
  115  9:27  Hellbat  
  119  9:32  Command Center  
  119  9:33  Engineering Bay  
  119  9:34  Liberator  
  126  9:48  Hellbat x2  
  126  9:49  Factory  
  126  9:51  Factory  
  133  9:57  Liberator x2  
  133  10:09  SCV, Hellbat x2  
  138  10:15  Supply Depot  
  138  10:16  Terran Infantry Weapons Level 1, Supply Depot  
  138  10:17  Supply Depot x3  
  144  10:23  Liberator x2  
  144  10:31  Hellbat x2  
  144  10:32  Orbital Command  
  148  10:39  Supply Depot  
  148  10:40  Liberator  
  148  10:41  Factory Tech Lab x2  
  154  10:52  Hellbat x2  
  158  10:59  Infernal Pre-Igniter  
  161  11:11  Liberator  
  161  11:13  Hellbat, Liberator  
  161  11:14  Hellbat  
  155  11:35  Hellbat x2  
  156  11:45  Siege Tank x2, Liberator  
  159  11:54  Liberator  
  159  12:02  Supply Depot  
  159  12:03  Supply Depot  
  159  12:05  Supply Depot x3  
  159  12:06  Supply Depot x3  
  159  12:08  Supply Depot  
  162  12:14  Liberator  
  160  12:17  Siege Tank  
  158  12:36  Siege Tank  
  164  12:49  Siege Tank  
  167  13:01  Terran Vehicle Weapons Level 1  
  167  13:08  Siege Tank  
  167  13:10  Hellbat x2  
  174  13:21  Siege Tank  
  177  13:31  Hellbat  
  177  13:32  Hellbat  
  181  13:40  Siege Tank  
  184  13:44  Liberator x3  
  178  13:48  Liberator  
  178  13:53  Hellbat x2  
  178  13:54  Hellbat  
  165  14:12  Hellbat  
  165  14:14  Hellbat  
  165  14:15  Hellbat x2  
  170  14:21  Command Center  
  170  14:22  SCV  
  168  14:26  Liberator  
  168  14:27  Liberator x2  
  166  14:31  Liberator  
  166  14:34  Hellbat  
  166  14:36  Hellbat  
  166  14:37  Hellbat  
  171  14:43  SCV  
  180  14:48  Orbital Command  
  180  14:52  Hellbat  
  176  14:55  Hellbat  
  176  14:57  Hellbat  
  176  14:58  Hellbat  
  171  15:09  Liberator  
  171  15:10  Liberator  
  171  15:13  Hellbat  
  173  15:17  Hellbat  
  173  15:18  Hellbat  
  123  15:45  Hellbat  
  123  15:46  Hellbat x3  
Tags
 
Add a new tag
Caveats
  • Supply blocks, unpowered buildings, or Contaminate may cause inaccurate times.
  • Supply counts are checked every 10 seconds.